General information
- name: BNet
- type: Ladder team game (AT/RT)
- host: Battle.net
- saver: kunt.roII
map: Goldshire
- players: 4
- length: 63:08
- speed: Fast
- version: 1.21 W3XP
- replay type: Public
» download(382 KB)
Players
team 1 (loser)
TooGood4u. (
teal | 130 APM | 8176 actions | 63:03)
5 Far Seer
3 Feral Spirit
2 Chain Lighting
1 Shadow Hunter
1 Hex
» actions
| Assign group hotkey | 375 | |
| Basic commands | 26 | |
| Build / train | 111 | |
| ESC pressed | 4 | |
| Enter build submenu | 37 | |
| Enter hero's abilities submenu | 6 | |
| Give item / drop item | 1 | |
| Remove unit from queue | 1 | |
| Right click | 2631 | |
| Select / deselect | 884 | |
| Select group hotkey | 3705 | |
| Use ability | 395 | |
8176 total
» units
| Peon | 29 | |
| Grunt | 6 | |
| Raider | 4 | |
| Troll Witch Doctor | 6 | |
| Troll Batrider | 9 | |
| Demolisher | 15 | |
69 total
» upgrades
| Berserker Strength | 1 | |
| Reinforced Defenses | 1 | |
| Ensnare | 1 | |
| Witch Doctor Training | 2 | |
| Liquid Fire | 1 | |
| Armor | 2 | |
| Melee Weapons | 1 | |
| Pillage | 1 | |
| Burning Oil | 1 | |
| Ranged Weapons | 2 | |
13 total
» buildings
| Altar of Storms | 1 | |
| Orc Burrow | 10 | |
| Barracks | 1 | |
| Voodoo Lounge | 1 | |
| Stronghold | 1 | |
| War Mill | 1 | |
| Fortress | 1 | |
| Watch Tower | 15 | |
| Beastiary | 2 | |
| Spirit Lodge | 1 | |
34 total
» build order
00:03 Altar of Storms
00:18 Orc Burrow
00:34 Barracks
01:26 Orc Burrow
01:50 Voodoo Lounge
02:50 Stronghold
03:39 Orc Burrow
03:51 War Mill
05:17 Fortress
06:33 Orc Burrow
08:12 Watch Tower
08:14 Watch Tower
08:18 Watch Tower
08:24 Watch Tower
09:12 Watch Tower
09:14 Watch Tower
09:16 Watch Tower
09:18 Watch Tower
10:04 Beastiary
10:06 Beastiary
10:24 Watch Tower
11:00 Orc Burrow
11:47 Watch Tower
11:48 Watch Tower
11:50 Watch Tower
11:52 Watch Tower
12:18 Watch Tower
12:21 Watch Tower
12:32 Spirit Lodge
15:17 Orc Burrow
15:21 Orc Burrow
18:14 Orc Burrow
20:07 Orc Burrow
45:48 Orc Burrow
» items
| Boots of Speed | 3 | |
| Healing Salve | 6 | |
| Lesser Clarity Potion | 2 | |
| Tiny Great Hall | 1 | |
| Orb of Lightning | 1 | |
| Scroll of Town Portal | 1 | |
| Potion of Healing | 1 | |
15 total
ZiNeK- (
red | 152 APM | 9572 actions | 63:04)
3 Keeper of the Grove
2 Entangling Roots
1 Force of Nature
3 Priestess of the Moon
2 Trueshot Aura
1 Searing Arrows
» actions
| Assign group hotkey | 175 | |
| Basic commands | 14 | |
| Build / train | 158 | |
| Enter build submenu | 43 | |
| Enter hero's abilities submenu | 6 | |
| Give item / drop item | 1 | |
| Remove unit from queue | 4 | |
| Right click | 5775 | |
| Select / deselect | 1305 | |
| Select group hotkey | 1724 | |
| Use ability | 367 | |
9572 total
» units
| Wisp | 47 | |
| Chimaera | 7 | |
| Dryad | 7 | |
| Goblin Shredder | 3 | |
64 total
» upgrades
| Strength of the Wild | 3 | |
| Ultravision | 1 | |
| Reinforced Hides | 3 | |
| Abolish Magic | 1 | |
| Druid of the Claw Training | 2 | |
| Corrosive Breath | 1 | |
| Mark of the Claw | 1 | |
| Well Spring | 1 | |
| Nature's Blessing | 1 | |
14 total
» buildings
| Altar of Elders | 1 | |
| Moon Well | 8 | |
| Tree of Ages | 2 | |
| Hunter's Hall | 1 | |
| Ancient of Wind | 1 | |
| Tree of Eternity | 3 | |
| Ancient of Wonders | 1 | |
| Chimaera Roost | 4 | |
| Ancient Protector | 19 | |
| Ancient of Lore | 3 | |
43 total
» build order
00:05 Altar of Elders
00:18 Moon Well
02:03 Moon Well
02:08 Moon Well
02:46 Tree of Ages
02:46 Tree of Ages
03:15 Moon Well
03:31 Hunter's Hall
05:18 Ancient of Wind
05:41 Tree of Eternity
05:41 Tree of Eternity
05:46 Moon Well
06:44 Ancient of Wonders
08:07 Chimaera Roost
08:10 Chimaera Roost
08:13 Chimaera Roost
08:16 Chimaera Roost
09:12 Ancient Protector
09:14 Ancient Protector
10:38 Ancient Protector
10:40 Ancient Protector
12:23 Ancient of Lore
12:25 Ancient of Lore
12:40 Ancient Protector
12:42 Ancient Protector
13:17 Ancient Protector
13:40 Ancient Protector
13:43 Ancient Protector
13:51 Ancient Protector
16:51 Ancient Protector
16:54 Ancient Protector
17:39 Ancient Protector
17:56 Ancient Protector
18:05 Ancient Protector
18:09 Ancient Protector
18:28 Moon Well
18:31 Moon Well
20:09 Ancient Protector
20:13 Ancient Protector
21:54 Ancient Protector
25:14 Moon Well
27:16 Ancient of Lore
» items
| Orb of Venom | 1 | |
| Scroll of Town Portal | 4 | |
| Tiny Great Hall | 7 | |
| Staff of Teleportation | 1 | |
| Scroll of Healing | 3 | |
| Potion of Lesser Invulnerability | 1 | |
| Dust of Appearance | 1 | |
| Staff of Preservation | 1 | |
| Anti-magic Potion | 1 | |
| Potion of Healing | 1 | |
21 total
team 2 (winner)
kunt.roII (
purple | 84 APM | 5332 actions | 63:08)
7 Blademaster
3 Wind Walk
3 Critical Strike
1 Bladestorm
» actions
| Assign group hotkey | 43 | |
| Basic commands | 13 | |
| Build / train | 122 | |
| ESC pressed | 18 | |
| Enter build submenu | 36 | |
| Enter hero's abilities submenu | 7 | |
| Give item / drop item | 17 | |
| Remove unit from queue | 2 | |
| Right click | 2636 | |
| Select / deselect | 462 | |
| Select group hotkey | 1535 | |
| Use ability | 440 | |
5332 total
» units
| Peon | 14 | |
| Troll Batrider | 40 | |
| Shaman | 2 | |
| Troll Witch Doctor | 2 | |
| Wind Rider | 1 | |
59 total
» upgrades
| Ranged Weapons | 3 | |
| Liquid Fire | 1 | |
| Armor | 3 | |
| Troll Regeneration | 1 | |
| Shaman Training | 3 | |
| Witch Doctor Training | 3 | |
14 total
» buildings
| Altar of Storms | 1 | |
| Orc Burrow | 5 | |
| War Mill | 1 | |
| Watch Tower | 18 | |
| Voodoo Lounge | 1 | |
| Stronghold | 2 | |
| Fortress | 2 | |
| Beastiary | 2 | |
| Barracks | 1 | |
| Great Hall | 1 | |
| Spirit Lodge | 1 | |
35 total
» build order
00:07 Altar of Storms
00:19 Orc Burrow
00:43 War Mill
01:36 Orc Burrow
02:06 Watch Tower
03:04 Watch Tower
03:09 Watch Tower
03:12 Watch Tower
03:25 Voodoo Lounge
04:04 Stronghold
04:05 Stronghold
04:19 Watch Tower
04:21 Watch Tower
04:27 Watch Tower
05:21 Watch Tower
06:06 Watch Tower
06:11 Watch Tower
06:13 Watch Tower
06:31 Watch Tower
06:54 Fortress
06:55 Fortress
07:23 Beastiary
07:25 Orc Burrow
08:04 Beastiary
08:07 Watch Tower
09:15 Watch Tower
09:16 Watch Tower
10:26 Watch Tower
10:51 Orc Burrow
10:55 Orc Burrow
11:21 Watch Tower
12:38 Barracks
13:00 Watch Tower
14:21 Great Hall
24:04 Spirit Lodge
» items
| Boots of Speed | 1 | |
| Staff of Teleportation | 1 | |
| Lesser Clarity Potion | 9 | |
| Healing Salve | 3 | |
| Scroll of Speed | 3 | |
| Potion of Healing | 2 | |
| Orb of Lightning | 1 | |
| Circlet of Nobility | 2 | |
| Potion of Mana | 2 | |
| Scroll of Town Portal | 3 | |
| Potion of Lesser Invulnerability | 8 | |
35 total
MrFrosty (
yellow | 70 APM | 4429 actions | 63:05)
5 Archmage
3 Blizzard
2 Brilliance Aura
5 Blood Mage
3 Flame Strike
2 Siphon Mana
5 Mountain King
3 Storm Bolt
2 Thunder Clap
» actions
| Assign group hotkey | 23 | |
| Basic commands | 184 | |
| Build / train | 141 | |
| ESC pressed | 1 | |
| Enter build submenu | 80 | |
| Enter hero's abilities submenu | 15 | |
| Give item / drop item | 6 | |
| Right click | 1945 | |
| Select / deselect | 763 | |
| Select group hotkey | 942 | |
| Use ability | 328 | |
4429 total
» units
| Peasant | 15 | |
| Priest | 2 | |
| Sorceress | 3 | |
| Dragonhawk Rider | 7 | |
27 total
» upgrades
| Lumber Harvesting | 1 | |
| Masonry | 3 | |
| Magic Sentry | 1 | |
| Sorceress Training | 2 | |
| Priest Training | 2 | |
| Cloud | 1 | |
| Animal War Training | 1 | |
| Armor | 2 | |
13 total
» buildings
| Altar of Kings | 1 | |
| Farm | 6 | |
| Lumber Mill | 1 | |
| Scout Tower | 84 | |
| Arcane Tower | 9 | |
| Guard Tower | 55 | |
| Keep | 1 | |
| Arcane Sanctum | 1 | |
| Arcane Vault | 1 | |
| Gryphon Aviary | 1 | |
| Castle | 1 | |
| Blacksmith | 1 | |
| Barracks | 1 | |
| Town Hall | 1 | |
164 total
» build order
00:06 Altar of Kings
00:35 Farm
01:04 Lumber Mill
01:09 Scout Tower
01:34 Scout Tower
01:38 Arcane Tower
01:43 Farm
01:59 Scout Tower
02:02 Arcane Tower
02:07 Scout Tower
02:29 Guard Tower
02:33 Guard Tower
03:32 Scout Tower
03:35 Scout Tower
03:47 Farm
04:20 Guard Tower
04:29 Keep
04:32 Scout Tower
04:33 Scout Tower
05:14 Guard Tower
05:15 Scout Tower
05:20 Scout Tower
05:36 Scout Tower
05:43 Arcane Tower
06:08 Arcane Tower
06:09 Scout Tower
06:10 Guard Tower
06:13 Scout Tower
06:32 Farm
06:40 Guard Tower
06:46 Guard Tower
07:02 Arcane Sanctum
09:17 Scout Tower
10:03 Scout Tower
10:06 Arcane Vault
10:08 Gryphon Aviary
10:17 Arcane Tower
10:31 Scout Tower
10:34 Scout Tower
10:42 Farm
10:44 Guard Tower
11:17 Guard Tower
12:23 Castle
12:46 Scout Tower
12:52 Scout Tower
12:59 Farm
13:15 Guard Tower
13:21 Arcane Tower
14:32 Blacksmith
14:38 Barracks
14:55 Scout Tower
15:24 Guard Tower
16:59 Scout Tower
17:30 Guard Tower
19:57 Scout Tower
20:30 Guard Tower
21:47 Scout Tower
21:49 Scout Tower
21:50 Scout Tower
21:56 Scout Tower
21:59 Scout Tower
22:00 Scout Tower
22:01 Scout Tower
22:09 Scout Tower
22:14 Guard Tower
22:23 Guard Tower
22:26 Guard Tower
22:28 Scout Tower
22:31 Arcane Tower
22:33 Scout Tower
22:37 Guard Tower
22:41 Guard Tower
22:55 Guard Tower
23:02 Guard Tower
23:25 Scout Tower
23:27 Scout Tower
23:27 Scout Tower
23:37 Scout Tower
23:37 Scout Tower
23:42 Town Hall
23:55 Guard Tower
23:56 Guard Tower
24:14 Scout Tower
24:16 Scout Tower
24:19 Scout Tower
24:22 Guard Tower
24:24 Scout Tower
24:26 Scout Tower
24:30 Scout Tower
24:44 Guard Tower
24:45 Guard Tower
24:52 Guard Tower
24:58 Scout Tower
25:02 Guard Tower
25:11 Scout Tower
25:14 Scout Tower
25:29 Arcane Tower
25:34 Guard Tower
25:52 Guard Tower
27:05 Scout Tower
27:07 Scout Tower
27:11 Scout Tower
27:15 Scout Tower
27:17 Scout Tower
27:17 Scout Tower
27:19 Scout Tower
27:20 Scout Tower
27:38 Guard Tower
27:47 Guard Tower
27:56 Guard Tower
28:25 Guard Tower
29:53 Scout Tower
29:54 Scout Tower
30:45 Guard Tower
31:12 Guard Tower
34:36 Scout Tower
34:36 Scout Tower
34:37 Scout Tower
34:38 Scout Tower
34:40 Scout Tower
35:08 Guard Tower
35:36 Guard Tower
35:46 Guard Tower
35:48 Scout Tower
35:49 Scout Tower
36:20 Guard Tower
36:26 Scout Tower
36:27 Scout Tower
36:30 Guard Tower
36:33 Scout Tower
36:58 Guard Tower
37:03 Guard Tower
37:56 Scout Tower
37:56 Scout Tower
38:27 Guard Tower
39:00 Scout Tower
39:01 Scout Tower
39:02 Scout Tower
39:10 Scout Tower
39:13 Scout Tower
39:36 Guard Tower
40:01 Guard Tower
40:09 Arcane Tower
40:11 Scout Tower
40:41 Guard Tower
43:19 Scout Tower
43:20 Scout Tower
43:20 Scout Tower
43:48 Guard Tower
43:49 Guard Tower
43:54 Scout Tower
44:00 Scout Tower
44:05 Scout Tower
44:07 Scout Tower
44:13 Guard Tower
44:26 Guard Tower
44:40 Guard Tower
44:42 Scout Tower
44:46 Scout Tower
44:50 Guard Tower
45:13 Guard Tower
45:20 Guard Tower
45:36 Guard Tower
» items
| Healing Salve | 1 | |
| Lesser Clarity Potion | 1 | |
| Staff of Teleportation | 3 | |
| Boots of Speed | 3 | |
| Periapt of Vitality | 2 | |
| Circlet of Nobility | 1 | |
| Staff of Sanctuary | 3 | |
| Orb of Lightning | 3 | |
17 total
Chat log
(00:10 / All) kunt.roII: hello
(00:24 / All) kunt.roII: u afk?
(00:34 / All) kunt.roII: ? ?
(00:43 / All) ZiNeK-: WAT IS UR NAME?
(00:44 / All) TooGood4u.: READ THE NAME
(00:53 / All) TooGood4u.: FINALLLLLLY
(00:54 / All) TooGood4u.: THE GOSUS
(00:57 / All) kunt.roII: ?
(00:57 / All) TooGood4u.: TO
(00:58 / All) ZiNeK-: IT DOESNT MATTER WAT UR NAME IS
(00:59 / All) TooGood4u.: GOLDSHIRE
(01:03 / All) kunt.roII: indeed
(01:21 / Allies) MrFrosty: yeah
(01:29 / Allies) MrFrosty: creeps attacked lil peasant
(01:33 / Allies) kunt.roII: nub
(01:46 / All) TooGood4u.: NERF YELLOW PLZ
(01:49 / All) kunt.roII: i know
(01:55 / All) kunt.roII: he so imba
(02:27 / Allies) MrFrosty: cool
(03:06 / Allies) MrFrosty: FUCKING LAG
(03:08 / Allies) MrFrosty: jesus
(03:55 / Allies) MrFrosty: seen
(05:05 / Allies) MrFrosty: antoher intel
(05:16 / Allies) kunt.roII: oh fuck off
(05:29 / Allies) kunt.roII: typing
(05:31 / Allies) kunt.roII: made me hit s
(05:35 / Allies) kunt.roII: because i didnt hit enter apparently
(05:40 / Allies) MrFrosty: o
(05:44 / Allies) kunt.roII: them
(06:05 / Allies) MrFrosty: i need boots etc
(06:55 / All) ZiNeK-: u guys fkn suck rofl
(06:59 / All) kunt.roII: Gosus
(06:59 / All) kunt.roII: have
(07:01 / All) kunt.roII: arrived
(07:33 / Allies) kunt.roII: lure it>?
(07:49 / Allies) MrFrosty: lol what
(07:59 / Allies) kunt.roII: bring bm
(08:00 / Allies) kunt.roII: get red
(08:04 / Allies) MrFrosty: pass staff to him
(08:51 / Allies) kunt.roII: woot
(09:11 / Allies) MrFrosty: lag
(09:20 / Allies) kunt.roII: ?
(09:24 / Allies) MrFrosty: k
(09:59 / Allies) MrFrosty: chims and shit btw
(10:16 / Allies) kunt.roII: tiny hall going top
(10:18 / Allies) kunt.roII: elf bought it..
(11:11 / Allies) MrFrosty: jesus 3 tomes on int +2
(11:14 / Allies) kunt.roII: i got str
(11:30 / Allies) kunt.roII: ls
(11:37 / Allies) kunt.roII: useless i guess
(11:50 / Allies) MrFrosty: they are using a bit of gold on reveals
(12:31 / Allies) kunt.roII: start working on that now imo
(12:34 / Allies) MrFrosty: k
(15:06 / Allies) kunt.roII: ugh
(15:09 / Allies) MrFrosty: ugh uhg ugh
(15:12 / Allies) MrFrosty: want to cloud bat it
(15:21 / Allies) kunt.roII: omw
(15:29 / Allies) MrFrosty: clpud need a secanyway
(15:42 / Allies) MrFrosty: docs
(15:45 / Allies) kunt.roII: spamming reveal lol
(15:57 / Allies) kunt.roII: just spent like 500 on it
(16:01 / Allies) kunt.roII: got coloud?
(16:02 / Allies) MrFrosty: woot
(16:04 / Allies) MrFrosty: they do have alot
(16:06 / Allies) MrFrosty: yeah
(16:21 / Allies) kunt.roII: main 2st
(17:20 / Allies) MrFrosty: level 1 1st hero
(17:23 / Allies) MrFrosty: how do you manage that
(17:30 / Allies) kunt.roII: wards in bot expo
(17:36 / Allies) kunt.roII: fuck
(17:46 / Allies) kunt.roII: lol?
(17:46 / Allies) MrFrosty: lol
(18:02 / Allies) MrFrosty: we can fuck their armies so imo lets do a lil fighting
(18:14 / All) kunt.roII: imaa
(18:15 / All) kunt.roII: HURT
(18:59 / Allies) kunt.roII: o shit
(19:11 / Allies) kunt.roII: still to be crept
(19:12 / Allies) kunt.roII: im 5
(19:23 / Allies) kunt.roII: coud bat that
(19:29 / Allies) MrFrosty: sure
(19:32 / Allies) MrFrosty: they still mass revealing
(20:32 / Allies) kunt.roII: least we made him make units
(20:36 / Allies) MrFrosty: yeah
(20:38 / Allies) kunt.roII: hes gotta be over 50 n ow
(20:42 / Allies) MrFrosty: for sure
(21:02 / Allies) MrFrosty: i fucked that up
(22:16 / Allies) MrFrosty: scanned
(22:17 / Allies) MrFrosty: defend?
(22:19 / Allies) kunt.roII: ya
(23:29 / Allies) MrFrosty: nice
(23:34 / Allies) MrFrosty: lost all my hawks though
(23:43 / Allies) kunt.roII: chims gave me spin
(23:50 / Allies) MrFrosty: yeah that was nice timing
(24:05 / Allies) MrFrosty: if they didnt mess around and back up a few times
(24:09 / Allies) MrFrosty: i think they might have taken that
(24:12 / Allies) kunt.roII: ya
(25:15 / All) kunt.roII: this one time
(25:18 / All) kunt.roII: at goldshire
(25:27 / All) kunt.roII: we destroyed a big pile of noobs
(26:06 / Allies) kunt.roII: ward
(26:09 / Allies) MrFrosty: yeah
(26:16 / Allies) MrFrosty: another couple
(26:21 / Allies) kunt.roII: im getting adoc
(26:48 / Allies) MrFrosty: lvl 2/2
(26:50 / Allies) kunt.roII: haha
(26:53 / Allies) kunt.roII: teal making lots bats
(27:03 / Allies) kunt.roII: i would invis bat them buttt
(27:54 / Allies) kunt.roII: scan
(28:18 / Allies) MrFrosty: owned.
(29:23 / Allies) kunt.roII: im b
(29:25 / Allies) kunt.roII: no tp
(30:25 / Allies) MrFrosty: tt
(31:02 / Allies) MrFrosty: yet more gold on reveals
(31:05 / Allies) kunt.roII: lol
(31:08 / All) kunt.roII: reveal
(31:10 / All) kunt.roII: its a great deal
(31:18 / All) kunt.roII: almost free vision
(31:19 / All) ZiNeK-: ur a fkn nub
(31:21 / All) ZiNeK-: why r u talking
(31:22 / Allies) MrFrosty: hahah
(31:29 / All) kunt.roII: steal of a deal
(31:30 / All) kunt.roII: 50 gold
(31:32 / All) kunt.roII: for sight
(31:37 / All) kunt.roII: of medium area
(31:42 / All) kunt.roII: who wouldnt want?
(31:49 / All) MrFrosty: for 300 gold you could retrain your farseer and sit by reds wells
(32:00 / All) kunt.roII: :)
(32:02 / All) kunt.roII: otr
(32:05 / All) kunt.roII: you could do that
(32:10 / All) kunt.roII: AND keep using reveal
(32:12 / All) kunt.roII: twice the vision
(32:22 / Allies) kunt.roII: where are those dumb yads
(32:33 / Allies) MrFrosty: chimz
(32:38 / Allies) kunt.roII: hunts
(32:38 / Allies) kunt.roII: to
(32:40 / Allies) kunt.roII: chims
(32:46 / Allies) MrFrosty: then to drayds
(32:49 / Allies) MrFrosty: then to chims again
(32:58 / All) kunt.roII: almost
(32:58 / All) kunt.roII: free
(33:00 / Allies) kunt.roII: vision
(33:14 / All) MrFrosty: cool you guys must have alot of gold to be spending it so carelessly!
(33:23 / All) kunt.roII: high rollea
(33:46 / Allies) MrFrosty: lol
(33:54 / Allies) MrFrosty: they are both at 80 food with pretty useless armies
(34:04 / Allies) kunt.roII: :----)
(34:06 / Allies) MrFrosty: ut they could take this imo
(34:14 / Allies) kunt.roII: that not needed anymore
(34:18 / Allies) kunt.roII: ugh
(34:19 / Allies) kunt.roII: mabye it is
(34:28 / Allies) kunt.roII: 4ooo gold
(34:53 / Allies) kunt.roII: ugh
(35:06 / Allies) kunt.roII: i speed scroll em
(35:09 / Allies) kunt.roII: next time chims come in
(35:10 / Allies) MrFrosty: k
(36:11 / All) kunt.roII: 2/2 heroes
(36:15 / Allies) MrFrosty: 2-2 5-1
(36:17 / All) kunt.roII: more like 2/2 gosus of goldshire
(36:24 / All) ZiNeK-: right?
(36:26 / All) ZiNeK-: lol
(36:34 / All) TooGood4u.: U GUYS R FUCKING TRASH
(36:36 / All) TooGood4u.: SERIOUSLY
(36:40 / All) TooGood4u.: BUILD MROE TOWERS NUBS
(36:52 / All) MrFrosty: i am you guys clearly arent spending enough on reveals
(37:23 / Allies) kunt.roII: ugh
(37:27 / Allies) kunt.roII: dinner
(37:29 / Allies) kunt.roII: time
(37:40 / Allies) MrFrosty: nigger time
(37:44 / All) ZiNeK-: u guys play like newbs
(37:46 / All) ZiNeK-: cuz u cant win
(37:48 / All) ZiNeK-: With normal style
(37:48 / All) kunt.roII: ??
(37:49 / All) ZiNeK-: Rofl
(37:53 / All) ZiNeK-: and u luckd on map to nubs
(38:00 / All) MrFrosty: lucked on vsing nubs
(38:01 / All) kunt.roII: seems u cant win with normal style to me
(38:04 / All) MrFrosty: right aobut something for once
(38:17 / All) kunt.roII: wtf i built radiers how cum i havent won yet
(38:22 / All) kunt.roII: imba blizzard just imba
(38:38 / Allies) MrFrosty: not many teams dont even try to siege
(38:51 / All) ZiNeK-: rofl more towers
(38:55 / All) ZiNeK-: u kids are fkn newbs
(39:23 / All) MrFrosty: scanning my expo
(39:27 / All) MrFrosty: good use of 50 gold
(39:45 / All) ZiNeK-: if u got any other map then this fkn shit map
(39:48 / All) ZiNeK-: u would have been owned
(39:49 / All) ZiNeK-: So ezyly
(39:51 / All) ZiNeK-: so dont talk
(39:57 / All) MrFrosty: EZYLT
(39:57 / All) kunt.roII: what
(40:07 / All) kunt.roII: this is like that hardest map to do this on
(40:20 / Allies) kunt.roII: brb
(40:30 / Allies) MrFrosty: oh god
(40:32 / Allies) MrFrosty: now they do things
(40:39 / Allies) MrFrosty: or mebe not
(41:21 / All) ZiNeK-: nice hacks
(41:22 / All) ZiNeK-: Uf kn newbs
(41:23 / All) ZiNeK-: Rofl
(41:26 / Allies) MrFrosty: hahah
(41:27 / All) ZiNeK-: HAHAHA
(44:32 / Allies) MrFrosty: yo nigga
(44:35 / Allies) MrFrosty: when u back??
(45:49 / Allies) kunt.roII: alrite
(45:59 / Allies) kunt.roII: omg my bats died
(46:20 / Allies) MrFrosty: i invisi batted a few of his abts
(47:11 / Allies) MrFrosty: they called us hackers when you were gone fyi
(47:16 / Allies) kunt.roII: nice
(47:19 / Allies) MrFrosty: yah
(47:21 / All) ZiNeK-: why u scanning?
(47:23 / All) ZiNeK-: U both hack
(47:26 / All) ZiNeK-: stop scanning
(47:27 / Allies) MrFrosty: lol
(47:50 / Allies) kunt.roII: tt
(48:12 / Allies) kunt.roII: wheres his bats
(48:16 / Allies) kunt.roII: k
(48:21 / Allies) kunt.roII: ugh
(49:00 / All) ZiNeK-: u struggle to control 3 hero rofl
(49:09 / All) kunt.roII: nice bats
(49:29 / All) kunt.roII: seige
(49:30 / All) kunt.roII: woagh
(49:52 / All) kunt.roII: gg
(49:53 / All) kunt.roII: we loose
(50:25 / All) kunt.roII: how much gold that cost u
(50:27 / All) kunt.roII: it cost me 150
(50:28 / All) MrFrosty: it doesnt take most players this long to try sieging us
(51:38 / All) kunt.roII: shiiiit
(51:40 / All) kunt.roII: my peon
(52:39 / All) kunt.roII: chims died noobs cried
(53:48 / All) kunt.roII: how much gold u got left
(53:59 / All) kunt.roII: i got 10180
(53:59 / All) MrFrosty: im sure lots of it
(54:10 / All) MrFrosty: they wouldnt be wasting gold on reveals unless they had heaps left
(54:10 / All) kunt.roII: how many towers is taht
(54:22 / All) MrFrosty: they arent that noob right?
(54:28 / All) kunt.roII: well lets say its just 100 gold per toweri get a discount cause i buy en masse
(54:33 / All) kunt.roII: i think thats 100 more towers
(55:13 / Allies) MrFrosty: you could bat reds base now if u wanted
(55:19 / Allies) kunt.roII: alrite
(55:48 / All) kunt.roII: wtf
(55:53 / All) kunt.roII: poor raccoon
(57:11 / All) kunt.roII: -60 gold
(57:25 / Allies) kunt.roII: scan
(57:31 / Allies) MrFrosty: cant
(58:07 / All) kunt.roII: GG
(58:12 / Allies) MrFrosty: pretty sure i got the deny
(58:23 / All) kunt.roII: how come none of u lvld up
(58:26 / All) kunt.roII: LOL
(58:38 / All) MrFrosty: uh oh more siege
(58:51 / All) kunt.roII: get ready frosty
(58:55 / All) kunt.roII: hes gonna attack move on u
(60:06 / Allies) MrFrosty: lag
(60:07 / Allies) MrFrosty: god
(60:45 / Allies) MrFrosty: both looked at that shaman
(60:47 / Allies) MrFrosty: at the same time
(60:50 / Allies) kunt.roII: ?
(60:56 / Allies) kunt.roII: scanned?
(60:59 / Allies) MrFrosty: i clicked o that shaman and a second later
(61:02 / Allies) MrFrosty: you clicked on it
(61:05 / Allies) kunt.roII: o
(61:06 / Allies) MrFrosty: the one downt here
(61:09 / All) ZiNeK-: cant conroll an army newbs?
(61:10 / All) ZiNeK-: sa
(61:11 / All) ZiNeK-: sa
(61:12 / All) ZiNeK-: Sad
(61:13 / All) ZiNeK-: PATHETIC
(61:15 / All) kunt.roII: sa
(61:16 / All) kunt.roII: sa
(61:18 / All) MrFrosty: dont have any army lreft to control?
(61:19 / All) kunt.roII: sand
(61:28 / All) ZiNeK-: on diff map
(61:30 / All) ZiNeK-: U would of lost already
(61:33 / All) kunt.roII: u
(61:33 / All) ZiNeK-: so think ur self lucky
(61:35 / All) MrFrosty: oh.
(61:42 / All) MrFrosty: i think you noob instead
(61:57 / All) kunt.roII: on diff map
(62:02 / All) kunt.roII: i would have 10/10/10 heroes
(62:07 / All) kunt.roII: while ur mom giving me bj
(62:07 / All) ZiNeK-: right
(62:12 / All) ZiNeK-: right
(62:16 / All) ZiNeK-: ur moms a slut bro dont talk
(63:02 / All) TooGood4u.: FUCKING TRASH
(63:04 / All) kunt.roII: 2ez